 Dungeon Crawl Stone Soup version 0.30-a0-883-g5ad918d77d (webtiles) character file.

Game seed: 11472941141169551230

976 FexLirch the Carver (level 7, -3/52 HPs)
             Began as a Demonspawn Fighter on Mar 17, 2023.
             Was a Believer of Sif Muna.
             Killed from afar by a steam dragon (20 damage)
             ... with a ball of steam
             ... on level 6 of the Dungeon.
             The game lasted 00:05:47 (3921 turns).

FexLirch the Carver (Demonspawn Fighter)            Turns: 3921, Time: 00:05:47

Health: -3/52      AC:  8    Str: 16    XL:     7   Next: 95%
Magic:  7/7        EV:  9    Int: 15    God:    Sif Muna [**....]
Gold:   210        SH:  5    Dex: 15    Spells: 6/6 levels left

rFire   . . .      SeeInvis .    a - +0 long sword
rCold   . . .      Faith    .    c - +0 buckler
rNeg    . . .      Spirit   .    b - +0 scale mail
rPois   .          Reflect  .    (helmet restricted)
rElec   .          Rampage  .    f - +0 cloak
rCorr   .                        F - +0 pair of gloves
Will    .....                    (no boots)
Stlth   +                        r - amulet of regeneration
HPRegen 1.08/turn                j - +6 ring of intelligence
MPRegen 0.10/turn                G - ring of flight

@: flying
A: horns 2, foul stench 2, sturdy frame 1
a: Renounce Religion, Channel Magic


You were on level 6 of the Dungeon.
You worshipped Sif Muna.
Sif Muna was pleased with you.
You visited 1 branch of the dungeon, and saw 6 of its levels.

You collected 210 gold pieces.

Inventory:

Hand Weapons
 a - a +0 long sword (weapon)
 g - a +3 short sword
Missiles
 n - 43 stones (quivered)
 B - 2 boomerangs
 D - 8 poisoned darts
Armour
 b - a +0 scale mail (worn)
 c - a +0 buckler (worn)
 f - a +0 cloak (worn)
 y - a +0 helmet
 F - a +0 pair of gloves (worn)
Jewellery
 j - a +6 ring of intelligence (left hand)
 r - an amulet of regeneration (around neck)
 s - an amulet of the acrobat
 G - a ring of flight (right hand)
 H - a ring of ice
 I - a +6 ring of intelligence
Wands
 w - a wand of digging (5)
 C - a wand of charming (6)
Scrolls
 h - 5 scrolls of teleportation {unknown}
 k - 2 scrolls of magic mapping {unknown}
 l - 2 scrolls of vulnerability {unknown}
 m - 4 scrolls of identify {unknown}
 q - a scroll of blinking {unknown}
 v - a scroll of poison {unknown}
 z - 2 scrolls of amnesia {unknown}
 E - a scroll of fear {unknown}
 J - 2 scrolls of enchant armour {unknown}
Potions
 d - 4 potions of might
 e - a potion of curing {unknown}
 i - a potion of magic {unknown}
 o - a potion of cancellation {unknown}
 p - a potion of invisibility {unknown}
 t - a potion of ambrosia {unknown}
 u - 2 potions of lignification {unknown}
 x - 2 potions of mutation {unknown}
 A - 3 potions of degeneration {unknown}
 K - a potion of heal wounds {unknown}
 L - a potion of flight {unknown}


   Skills:
 - Level 3.0 Fighting
 + Level 8.6 Long Blades
 - Level 2.6 Armour
 - Level 2.6 Shields


You had 6 spell levels left.
You didn't know any spells.
Your spell library contained the following spells:

 Spells                   Type           Power      Damage    Failure   Level
 Ignite Poison            Fire/Tmut/Pois 0%         N/A       94%         3
 Kindle Blastsparks       Fire/Tloc/Air  0%         2d10      94%         3
 Freezing Cloud           Conj/Ice/Air   0%         6-21      100%        5


Dungeon Overview and Level Annotations

Branches:
Dungeon (6/15)             Temple (0/1) D:6

Altars:
Sif Muna
Uskayaw
Xom

Shops:
D:1 *   D:4 *


Innate Abilities, Weirdness & Mutations

You have a pair of horns on your head.
You sometimes emit foul miasma when damaged in melee.
Your movements are slightly less encumbered by armour. (ER -2)


Message History

Okay, then.
Unknown command.
Okay, then.
Unknown command.
You hit the orc. You headbutt the orc.
You kill the orc!
Sif Muna accepts your kill.
You hit the hound but do no damage. Your headbutt misses the hound.
The hound bites you but does no damage.
You closely miss the hound. Your headbutt misses the hound.
The hound closely misses you. The hound bites you.
You barely miss the hound. The hound bites you.
You miss the hound.
The hound bites you but does no damage. x2
You barely miss the hound. Your headbutt misses the hound.
The hound bites you but does no damage.
You hit the hound.
The hound is heavily wounded.
You block the hound's attack. The steam dragon bites you.
The steam dragon closely misses you. The hound bites you but does no damage.
You completely miss the steam dragon.
You headbutt the steam dragon, but do no damage.
The hound bites you but does no damage. The steam dragon bites you.
The steam dragon claws you.
You hit the steam dragon. You headbutt the steam dragon.
The steam dragon is moderately wounded.
The hound bites you but does no damage. The steam dragon bites you!
The steam dragon claws you but does no damage.
The hound bites you.
You closely miss the steam dragon.
The steam dragon is moderately wounded.
The hound bites you. The steam dragon bites you.
* * * LOW HITPOINT WARNING * * *
The steam dragon claws you but does no damage.
You hit the steam dragon but do no damage.
You headbutt the steam dragon!
The steam dragon is heavily wounded.
The hound barely misses you. The steam dragon breathes steam at you.
The ball of steam hits you!!
You die...

#....# ..... .......
.#...##.##.. .......
#....... #.# ........
.#.....# #.# ..D.....
#......# #.# ........
......## #.#
##.D§..... .......#
#.# ##.§.....#
.....#.###.#
#.D##...##
....##...#.# #..@hD.##
..#.####.#.###..##..#
.##.####.#.#...###.##
...................#
###.####..............
# #.####...###.#####..
###........##..#
....####....#.##
....#....#..#.#


You could see 2 steam dragons and a hound.

Vanquished Creatures
  The ghost of howech the Trooper, an amateur HOFi (D:4)
  A water moccasin (D:5)
  2 phantoms
  2 scorpions
  A jelly (D:5)
  4 hounds
  An orc priest (D:5)
  2 iguanas
  A sleepcap (D:5)
  An orc wizard (D:5)
  4 gnolls (D:4)
  5 adders
  An ufetubus (D:5)
  2 worms
  4 dart slugs
  10 orcs
  12 ball pythons
  5 endoplasms
  9 giant cockroaches
  2 goblins
  6 hobgoblins
  2 jackals (D:2)
  7 bats
  4 frilled lizards
  11 kobolds
  9 rats
109 creatures vanquished.

Vanquished Creatures (others)
  An adder (D:6)
1 creature vanquished.

Grand Total: 110 creatures vanquished

Notes
Turn   | Place    | Note
-------+----------+-------------------------------------------
     0 | D:1      | FexLirch the Demonspawn Fighter began the quest for the
                  | Orb.
     0 | D:1      | Reached XP level 1. HP: 18/18 MP: 1/1
    38 | D:1      | Reached skill level 2 in Long Blades
   135 | D:1      | Gained mutation: You have a pair of small horns on your
                  | head. [demonic ancestry]
   135 | D:1      | Reached XP level 2. HP: 16/24 MP: 2/2
   172 | D:1      | Found Xywovomp's General Store.
   384 | D:1      | Reached skill level 3 in Long Blades
   573 | D:1      | Gained mutation: You have a pair of horns on your head.
                  | [demonic ancestry]
   573 | D:1      | Reached XP level 3. HP: 29/29 MP: 3/3
  1170 | D:2      | Reached skill level 4 in Long Blades
  1170 | D:2      | Gained mutation: Your movements are slightly less
                  | encumbered by armour. (ER -2) [demonic ancestry]
  1170 | D:2      | Reached XP level 4. HP: 34/35 MP: 4/4
  1494 | D:2      | Found a faded altar of an unknown god.
  1505 | D:2      | Prayed at the altar of an unknown god.
  1505 | D:2      | Became a worshipper of Sif Muna the Loreminder
  1505 | D:2      | Reached * piety under Sif Muna
  1855 | D:3      | Noticed a +0 short sword
  1855 | D:3      | Noticed a +0 short sword
  1856 | D:3      | Noticed a +0 falchion
  1860 | D:3      | Noticed a +0 spear
  1860 | D:3      | Noticed a +0 falchion
  1860 | D:3      | Noticed a +0 dagger
  1860 | D:3      | Noticed a +0 spear
  1860 | D:3      | Noticed a +0 dagger
  1914 | D:3      | Reached ** piety under Sif Muna
  1926 | D:3      | Found a hide-covered altar of Uskayaw.
  1976 | D:3      | Reached XP level 5. HP: 41/41 MP: 5/5
  2366 | D:4      | Reached skill level 5 in Long Blades
  2386 | D:4      | Noticed a phantom
  2403 | D:4      | Killed a phantom
  2608 | D:4      | Found Nepry's Gadget Gallery.
  2621 | D:4      | Gained mutation: You may rarely emit foul miasma when
                  | damaged in melee. [demonic ancestry]
  2621 | D:4      | Reached XP level 6. HP: 47/47 MP: 6/6
  2631 | D:4      | Found a runed translucent door.
  2636 | D:4      | Reached skill level 6 in Long Blades
  2867 | D:4      | Noticed howech's ghost (amateur HOFi)
  2894 | D:4      | Killed howech's ghost
  2942 | D:5      | Entered Level 5 of the Dungeon
  3116 | D:5      | Found a shimmering altar of Xom.
  3197 | D:5      | Reached skill level 7 in Long Blades
  3197 | D:5      | Gained mutation: You sometimes emit foul miasma when
                  | damaged in melee. [demonic ancestry]
  3197 | D:5      | Reached XP level 7. HP: 52/52 MP: 7/7
  3507 | D:5      | Reached skill level 8 in Long Blades
  3877 | D:6      | Found a staircase to the Ecumenical Temple.
  3902 | D:6      | Noticed a steam dragon
  3904 | D:6      | Noticed a steam dragon
  3921 | D:6      | Killed from afar by a steam dragon

Illustrated notes

Levels and vault maps discovered:
D:1:      co_arrival_random_square_maze, layout_basic, serial_shops, shop
D:2:      layout_loops_ring, chequers_ecumenical_altar_grove
D:3:      layout_loops_ring, nicolae_uskayaw_en_pointe
D:4:      layout_basic, ebering_ghost_reflecting_pool, nicolae_shop_gadgets
D:5:      layout_gridville, mainiacjoe_overflow_boulevard
D:6:      layout_rooms, minmay_temple_entry_grid

Skill      XL: |  1  2  3  4  5  6  7 |
---------------+----------------------+-----
Long Blades    | 2 3 4 5 7 8 |  8.6
Fighting       | |  3.0
Armour         | |  2.6
Shields        | |  2.6

Action                     |  1- 3 |  4- 6 |  7- 9 || total
---------------------------+-------+-------+-------++-------
  Melee: Long sword        |   104 |   161 |    85 ||   350
         Headbutt          |    13 |    30 |    15 ||    58
 Armour: Scale mail        |    61 |    57 |    41 ||   159
  Dodge: Dodged            |    44 |    56 |    34 ||   134
  Block: Buckler           |    29 |    34 |    14 ||    77

Table legend: (Time is in decaauts)
 A = Elapsed time spent in this place.
 B = Non-inter-level travel time spent in this place.
 C = Inter-level travel time spent in this place.
 D = Time resting spent in this place.
 E = Time spent auto-exploring this place.
 F = Levels seen in this place.
 G = Mean time per level.
                   A        B        C        D        E       F      G
               +--------+--------+--------+--------+--------+-----+--------+
         Total |   3980 |   3844 |    136 |      0 |   2966 |   6 |  663.3 |
       Dungeon |   3980 |   3844 |    136 |      0 |   2966 |   6 |  663.3 |
               +--------+--------+--------+--------+--------+-----+--------+

Top non-repeatable levels by time:
     D:1: 875 daAuts
     D:5: 864 daAuts
     D:4: 767 daAuts
     D:2: 706 daAuts
     D:3: 648 daAuts
     D:6: 119 daAuts
